 Dungeon Crawl Stone Soup version 0.30-a0-393-g54b8e3be05 (webtiles) character file.

Game seed: 10871893592356452686

676 NinjaNoafa the Ducker (level 7, -1/55 HPs)
             Began as a Merfolk Gladiator on Dec 5, 2022.
             Slain by a howler monkey (4 damage)
             ... on level 5 of the Dungeon.
             The game lasted 00:07:59 (4324 turns).

NinjaNoafa the Ducker (Merfolk Gladiator)           Turns: 4324, Time: 00:08:00

Health: -1/55      AC:  3    Str: 15    XL:     7   Next: 59%
Magic:  7/7        EV: 15    Int: 13    God:
Gold:   275        SH:  5    Dex: 17    Spells: 6/6 levels left

rFire   . . .      SeeInvis .    g - +2 dagger (venom)
rCold   . . .      Faith    .    (no shield)
rNeg    + . .      Spirit   .    w - +0 robe {Will+}
rPois   .          Reflect  +    c - +0 helmet
rElec   .          Harm     .    (no cloak)
rCorr   .          Rampage  .    (no gloves)
Will    +....                    (no boots)
Stlth   ++........               y - amulet of reflection
HPRegen 0.29/turn                q - ring of positive energy
MPRegen 0.10/turn                r - +6 ring of intelligence

@: mighty
A: (nimble swimmer 2), mertail
a: no special abilities


You were on level 5 of the Dungeon.
You visited 1 branch of the dungeon, and saw 5 of its levels.

You collected 275 gold pieces.

Inventory:

Hand Weapons
 g - a +2 dagger of venom (weapon)
Missiles
 d - 3 throwing nets
 e - 5 javelins (quivered)
 v - 29 stones
 A - 5 poisoned darts
Armour
 c - a +0 helmet (worn)
 w - a +0 robe of willpower (worn)
Jewellery
 q - a ring of positive energy (left hand)
 r - a +6 ring of intelligence (right hand)
 x - a ring of wizardry
 y - an amulet of reflection (around neck)
 B - a ring of fire
Wands
 C - a wand of roots (8)
Scrolls
 b - a scroll of fear {unknown}
 i - a scroll of identify
 k - 3 scrolls of teleportation
 m - a scroll of acquirement {unknown}
 p - a scroll of enchant weapon {unknown}
 s - 3 scrolls of magic mapping {unknown}
 t - 2 scrolls of silence {unknown}
Potions
 f - 2 potions of brilliance {unknown}
 h - a potion of mutation {unknown}
 j - 6 potions of curing {unknown}
 l - 3 potions of might
 n - a potion of attraction
 o - 2 potions of lignification
 u - a potion of heal wounds {unknown}
 z - a potion of flight {unknown}


   Skills:
 + Level 4.8 Fighting
 + Level 6.0 Short Blades
 + Level 4.4 Throwing
 + Level 6.5 Dodging


You had 6 spell levels left.
You didn't know any spells.
Your spell library contained the following spells:

 Spells                   Type           Power      Damage    Failure   Level
 Magic Dart               Conj           0%         1d3       30%         1
 Blink                    Tloc           0%         N/A       43%         2
 Call Imp                 Summ           0%         N/A       43%         2
 Momentum Strike          Conj/Tloc      0%         3d8       43%         2
 Lesser Beckoning         Tloc           0%         N/A       67%         3
 Mephitic Cloud           Conj/Pois/Air  0%         N/A       67%         3


Dungeon Overview and Level Annotations

Branches:
Dungeon (5/15)
 Temple: D:4-7

Altars:
Fedhas

Shops:
D:3 :   D:4 *

Annotations:
D:5 Menkaure


Innate Abilities, Weirdness & Mutations

((You are very nimble when in or above water. (Stealth+, EV+, Speed+++)))
Your lower body shifts to a powerful aquatic tail in water.


Message History

Menkaure is nearby!
Found 4 stones.
Found a plate armour.
No target in view!
No target in view!
No target in view!
No target in view!
No target in view!
No target in view!
No target in view!
No target in view!
A howler monkey comes into view.
Found a stone staircase leading down.
The howler monkey hoots and howls with incredible vigour!
Menkaure hits you!
Okay, then.
You hit Menkaure. You punch Menkaure, but do no damage.
Menkaure is lightly damaged.
You barely miss Menkaure.
Menkaure is lightly damaged.
Menkaure calls on the powers of darkness!
Your body is wracked with pain!
The howler monkey convulses!
You hit Menkaure but do no damage.
Menkaure is lightly damaged.
You hit Menkaure.
Menkaure is lightly damaged.
Menkaure hits you!!
* * * LOW HITPOINT WARNING * * *
You hit Menkaure but do no damage.
Menkaure is lightly damaged.
You hit Menkaure.
Menkaure is moderately damaged.
The howler monkey hoots and howls with incredible vigour!
Menkaure hits you.
* * * LOW HITPOINT WARNING * * *
You hear a shout! x2
It was a potion of might.
You feel very mighty all of a sudden. The howler monkey hits you.
You die...

............##
#........##..#
#........#..#
#.........##
#......####
#........#
#......###
...#........#
.......@#.#.#
......hM..#..#
.............#
#..........##..
#(.............
...........[..
.......###.>#.#
......# #....


You could see Menkaure and a howler monkey (catching breath).

Vanquished Creatures
  Grinder (D:3)
  A kobold brigand (D:4)
  2 scorpions
  A howler monkey (D:4)
  A hound (D:2)
  An orc priest (D:4)
  An iguana (D:4)
  2 orc wizards (D:3)
  An adder (D:3)
  A gnoll (D:1)
  A worm (D:4)
  4 dart slugs
  3 orcs
  11 ball pythons
  4 bats
  8 endoplasms
  4 giant cockroaches
  7 goblins
  11 hobgoblins
  2 quokkas
  4 frilled lizards
  12 kobolds
  4 rats
87 creatures vanquished.

Vanquished Creatures (others)
  A plant (D:2)
1 creature vanquished.

Grand Total: 88 creatures vanquished

Notes
Turn   | Place    | Note
-------+----------+-------------------------------------------
     0 | D:1      | NinjaNoafa the Merfolk Gladiator began the quest for the
                  | Orb.
     0 | D:1      | Reached XP level 1. HP: 16/16 MP: 1/1
     2 | D:1      | Noticed a demonspawn
     2 | D:1      | Noticed a troll
     4 | D:1      | Noticed an armataur
     4 | D:1      | Noticed a gargoyle
     6 | D:1      | Noticed a human
     8 | D:1      | Noticed a tengu
     8 | D:1      | Noticed an ogre
    10 | D:1      | Noticed a felid
    10 | D:1      | Noticed a ghoul
    12 | D:1      | Noticed a merfolk
    14 | D:1      | Noticed a minotaur
    14 | D:1      | Noticed an elf
    16 | D:1      | Noticed a vine stalker
    16 | D:1      | Noticed an octopode
    18 | D:1      | Noticed a naga
    18 | D:1      | Noticed a formicid
    20 | D:1      | Noticed a vampire
    22 | D:1      | Noticed a meteoran
    22 | D:1      | Noticed a demigod
    24 | D:1      | Noticed a draconian
    24 | D:1      | Noticed a vine stalker
    26 | D:1      | Noticed an armataur
    26 | D:1      | Noticed a felid
   132 | D:1      | Reached XP level 2. HP: 9/23 MP: 2/2
   434 | D:1      | Reached XP level 3. HP: 28/28 MP: 3/3
  1183 | D:2      | Reached XP level 4. HP: 26/34 MP: 4/4
  2083 | D:3      | Reached skill level 5 in Dodging
  2083 | D:3      | Reached XP level 5. HP: 39/41 MP: 5/5
  2325 | D:3      | Found Catz's Book Shop.
  2347 | D:3      | Found a blossoming altar of Fedhas.
  2412 | D:3      | Noticed Grinder
  2413 | D:3      | Paralysed by Grinder for 4 turns
  2420 | D:3      | Paralysed by Grinder for 2 turns
  2451 | D:3      | Killed Grinder
  2452 | D:3      | Reached skill level 5 in Short Blades
  2452 | D:3      | Reached XP level 6. HP: 27/48 MP: 6/6
  3104 | D:4      | Reached XP level 7. HP: 28/55 MP: 7/7
  3457 | D:4      | Found Vacut's Lightly-Used Armoury.
  4255 | D:5      | Entered Level 5 of the Dungeon
  4313 | D:5      | Noticed Menkaure
  4323 | D:5      | HP: 2/55 [Menkaure (5)]
  4324 | D:5      | Slain by a howler monkey

Illustrated notes

Levels and vault maps discovered:
D:1:      kb_arrival_jail, layout_basic, minmay_hedge_maze,
          chequers_serial_rivers_large_a, chequers_serial_rivers_micro_b,
          nicolae_grassy_gnolls
D:2:      minmay_recursive_quarters, layout_basic, serial_bayou_pond_c,
          hex_intersection, st_stairs_10, corexii_hall_statues_s
D:3:      layout_loops_ring, amcnicky_altar_gilded, serial_shops,
          nicolae_shop_waterfront, due_unseen_surprise, uniq_grinder
D:4:      layout_basic, minmay_shop_damaged
D:5:      layout_layer_cave, lemuel_round_altar, uniq_menkaure, uniq_sigmund

Skill      XL: |  1  2  3  4  5  6  7 |
---------------+----------------------+-----
Short Blades   | 4 5 6 |  6.0
Fighting       | 3 4 |  4.8
Throwing       | 3 4 |  4.4
Dodging        | 5 6 |  6.5

Action                   |  1- 3 |  4- 6 |  7- 9 || total
-------------------------+-------+-------+-------++-------
Melee: Rapier            |    27 |       |       ||    27
       Dagger            |    70 |   110 |    72 ||   252
       Punch             |       |     2 |     2 ||     4
Throw: Javelin           |       |     8 |       ||     8
       Boomerang         |       |    12 |       ||    12
  Use: Scroll            |       |     4 |       ||     4
       Potion            |       |       |     1 ||     1
 Stab: Sleeping          |     1 |       |     1 ||     2
Armor: Leather armour    |    33 |    14 |       ||    47
       Robe              |       |     3 |     4 ||     7
Dodge: Dodged            |    86 |    73 |    20 ||   179
Block: Other             |       |       |     5 ||     5

Table legend: (Time is in decaauts)
 A = Elapsed time spent in this place.
 B = Non-inter-level travel time spent in this place.
 C = Inter-level travel time spent in this place.
 D = Time resting spent in this place.
 E = Time spent auto-exploring this place.
 F = Levels seen in this place.
 G = Mean time per level.
                   A        B        C        D        E       F      G
               +--------+--------+--------+--------+--------+-----+--------+
         Total |   4244 |   4143 |    101 |      0 |   3475 |   5 |  848.8 |
       Dungeon |   4244 |   4143 |    101 |      0 |   3475 |   5 |  848.8 |
               +--------+--------+--------+--------+--------+-----+--------+

Top non-repeatable levels by time:
     D:4: 1240 daAuts
     D:1: 1069 daAuts
     D:2: 958 daAuts
     D:3: 910 daAuts
     D:5: 66 daAuts
